[Event "Late-Titled-Tuesday-Blitz-January-30-2024"]
[Site "Chess.com"]
[Date "2024.01.30"]
[Round "8"]
[White "rcmz"]
[Black "Gryffindorac8"]
[Result "1/2-1/2"]
[WhiteElo "2148"]
[BlackElo "2380"]
[TimeControl "180+1"]
[EndTime "15:27:16 PST"]
[Termination "Game drawn by repetition"]

1. b4 e5 2. Bb2 Bxb4 3. Bxe5 Nf6 4. c4 O-O 5. Nf3 Re8 6. e3 c6 7. Be2 d5 8. a3 Bd6 9. Bxd6 Qxd6 10. O-O Nbd7 11.
d4 Ne4 12. c5 Qe7 13. Bd3 Ndf6 14. Qc2 Qc7 15. Nbd2 Nxd2 16. Qxd2 h6 17. Ne5 Nd7 18. Nf3 Nf6 19. Ne5 Nd7 20. f4 b6 21. cxb6 axb6 22.
Rfc1 c5 23. Nxd7 Bxd7 24. dxc5 bxc5 25. a4 Rxa4 26. Rxa4 Bxa4 27. Qa2 Qe7 28. Re1 Bc6 29. Qa6 Ba8 30. Bb5 Rd8 31. Bd3 c4 32. Bc2 Qc5 33. Qa1 g6 34. Qf6 Re8 35. Bxg6 fxg6 36. Qxg6+ Kf8 37.
Qf6+ Kg8 38. Qg6+ Kf8 39. Qf6+ Kg8 40. Qg6+ 1/2-1/2

[Event "Late-Titled-Tuesday-Blitz-January-30-2024"]
[Site "Chess.com"]
[Date "2024.01.30"]
[Round "8"]
[White "ozen_metehan"]
[Black "ArtemDyachuk"]
[Result "0-1"]
[WhiteElo "2483"]
[BlackElo "2641"]
[TimeControl "180+1"]
[EndTime "15:27:17 PST"]
[Termination "ArtemDyachuk won by resignation"]

1. d4 Nf6 2. c4 e6 3. g3 d5 4. Bg2 Nc6 5. Nf3 Bd6 6. O-O O-O 7. Nc3 dxc4 8. e4 e5 9. d5 Ne7 10. Nd2 Ng6 11. Nxc4 Bc5 12. Rb1 Qe7 13. Qc2 a6 14.
Be3 Ng4 15. Bxc5 Qxc5 16. Qd3 h5 17. b4 Qe7 18. h3 Nf6 19. f4 exf4 20. gxf4 Nh4 21.
e5 Bf5 22. exf6 Qxf6 23. Qg3 Bxb1 24. Rxb1 Qd4+ 25. Kh2 Qxc4 26. Ne4 Nxg2 27. Qxg2 Rfe8 28. Nf6+ Kh8 29. Nxe8 Qxf4+ 30. Kh1 Rxe8 31. Rf1 Qxb4 32. Rxf7 Re1+ 33. Rf1 Qe4 34. Rxe1 Qxe1+ 35. Kh2 Qe5+ 36.
Kh1 h4 37. Qg6 Qe1+ 38. Kh2 Qg3+ 39. Qxg3 hxg3+ 40. Kxg3 Kg8 41. Kf4 Kf7 42. Ke5 Ke7 43.
h4 g6 44. Kf4 b5 45. Kg5 Kf7 46. Kf4 Kf6 0-1

[Event "Late-Titled-Tuesday-Blitz-January-30-2024"]
[Site "Chess.com"]
[Date "2024.01.30"]
[Round "8"]
[White "Arteler"]
[Black "pr1105"]
[Result "1-0"]
[WhiteElo "2565"]
[BlackElo "2425"]
[TimeControl "180+1"]
[EndTime "15:27:17 PST"]
[Termination "Arteler won by resignation"]

1. e4 e5 2. Nf3 Nc6 3. Bb5 Nf6 4. O-O Nxe4 5. d4 Nd6 6. dxe5 Nxb5 7. a4 Nbd4 8. Nxd4 d5 9. exd6 Nxd4 10. Qxd4 Qxd6 11. Qe4+ Qe6 12. Qd4 Qd6 13. Qe3+ Be6 14. Nc3 Be7 15. Nb5 Qd7 16. Qg3 O-O 17. Nxc7 Bd6 18. Bf4 Bxc7 19. Bxc7 Rac8 20. Bd6 Rfd8 21. Be5 f6 22. Bxf6 Rf8 23.
Bc3 Qf7 24. Rfe1 Rc6 25. f3 Bd5 26. Rad1 Rg6 27. Qf2 Bxf3 28. g3 Bxd1 29. Qxf7+ Rxf7 30. Rxd1 h6 31. a5 a6 32. Rd8+ Kh7 33. Re8 Rd6 34.
Re2 Rd5 35. Kg2 h5 36. h4 Kg6 37. Re6+ Kh7 38. Re2 Rd6 39. Re5 Kg6 40. Rg5+ Kh6 41. Be5 Rg6 42. Bf4 Rxg5 43. Bxg5+ Kg6 44. Bf4 Kf5 45. Kf3 Rd7 46. Ke3 Rd5 47. b4 Rd1 48. c3 g6 49. Bh6 Kg4 50. Bf4 Kf5 51. Bb8 Ke6 52. Ke4 Re1+ 53. Kf4 Rf1+ 54. Ke4 Re1+ 55. Kd4 Rd1+ 56. Kc5 Rc1 57. c4 Kd7 58. Bf4 Re1 59. Kb6 Re6+ 60. Kxb7 Re4 61. Kxa6 Rxc4 62. b5 Kc8 63.
Kb6 Ra4 64. a6 1-0

[Event "Late-Titled-Tuesday-Blitz-January-30-2024"]
[Site "Chess.com"]
[Date "2024.01.30"]
[Round "8"]
[White "Adar_07"]
[Black "vladislavkovalev"]
[Result "1-0"]
[WhiteElo "2703"]
[BlackElo "2862"]
[TimeControl "180+1"]
[EndTime "15:27:20 PST"]
[Termination "Adar_07 won on time"]

1. e4 e5 2. Nf3 Nc6 3. Bb5 a6 4. Ba4 Nf6 5. O-O Be7 6. Re1 b5 7. Bb3 d6 8. c3 O-O 9. h3 Be6 10.
d4 Bxb3 11. axb3 exd4 12. Nxd4 Qd7 13. Nf5 Rfe8 14. Bg5 h6 15. Bh4 Ne5 16. Nd2 Ng6 17. Bg3 Bf8 18. b4 Nxe4 19. Nxh6+ gxh6 20. Nxe4 Bg7 21. h4 Re6 22. h5 Ne5 23. f4 Nc4 24. b3 Rae8 25. Qg4 Qc6 26. bxc4 Rxe4 27. Rxe4 Rxe4 28. cxb5 axb5 29. Kh2 Qd5 30. Ra7 Re7 31. Bh4 Re8 32.
Bf6 1-0

[Event "Late-Titled-Tuesday-Blitz-January-30-2024"]
[Site "Chess.com"]
[Date "2024.01.30"]
[Round "8"]
[White "Schattman"]
[Black "Tomytoteph"]
[Result "0-1"]
[WhiteElo "2457"]
[BlackElo "2618"]
[TimeControl "180+1"]
[EndTime "15:27:20 PST"]
[Termination "Tomytoteph won on time"]

1. f4 d5 2. Nf3 c6 3. g3 g6 4. Bg2 Bg7 5. e3 Nf6 6. O-O O-O 7. Nc3 Nbd7 8. b3 Qc7 9. Bb2 e5 10. fxe5 Nxe5 11. Ne2 Ne4 12. Nxe5 Bxe5 13. Bxe5 Qxe5 14.
Nd4 Bd7 15. Bxe4 Qxe4 16. Qf3 Qe5 17. Qf4 Qe7 18. Qf6 Qxf6 19. Rxf6 Kg7 20. Rf2 Rae8 21. b4 b6 22. Rb1 f5 23. h4 Rb8 24. Rff1 c5 25.
bxc5 bxc5 26. Ne2 Kf6 27. Kf2 Ke5 28. d4+ Kd6 29. dxc5+ Kxc5 30. Nd4 Rb6 31. Rxb6 axb6 32. Rb1 Ra8 33. Rb2 Ra6 34. Ke2 b5 35. Kd2 b4 36. c3 bxc3+ 37. Kxc3 Kd6 38. Kd2 Ke5 39. Rb7 Rxa2+ 40. Kc3 Kd6 41. Rb6+ Ke7 42. Rb7 Rg2 43.
Nb3 Kd6 44. Kd4 Rxg3 45. Nc5 Rg4+ 46. Kd3 Kxc5 47. Rxd7 Rxh4 48. Rd8 Rg4 49. Rd7 h5 50. Rd8 h4 51. Rc8+ Kd6 52. Rh8 g5 53. Rh6+ Ke5 54. Rh8 Rg3 55. Kd2 h3 56. Rh5 g4 57. Ke2 Ke4 58. Rh8 Rxe3+ 59. Kf2 Rf3+ 60. Kg1 Kf4 61. Kh2 Rf2+ 62. Kh1 Kg3 63. Kg1 h2+ 64. Rxh2 Rxh2 0-1

[Event "Late-Titled-Tuesday-Blitz-January-30-2024"]
[Site "Chess.com"]
[Date "2024.01.30"]
[Round "8"]
[White "Jospem"]
[Black "GoltsevDmitry2000"]
[Result "1-0"]
[WhiteElo "3054"]
[BlackElo "2813"]
[TimeControl "180+1"]
[EndTime "15:27:26 PST"]
[Termination "Jospem won by checkmate"]

1. e4 e6 2. d4 d5 3. exd5 exd5 4. Nf3 Nf6 5. Bd3 Bd6 6. O-O O-O 7. Bg5 h6 8. Bh4 c5 9. dxc5 Bxc5 10. Nc3 Nc6 11.
Nxd5 Qxd5 12. Bxf6 Qh5 13. Bc3 Bg4 14. h3 Bxh3 15.
gxh3 Qxh3 16. Nh2 Qg3+ 17. Kh1 Bxf2 18. Qf3 Qxf3+ 19. Nxf3 Bc5 20. Bc4 Rae8 21. Rae1 Rxe1 22. Rxe1 Rd8 23. Ne5 Nxe5 24. Rxe5 Bd4 25. Bxd4 Rxd4 26.
Re8+ Kh7 27. Bd3+ g6 28. Re7 Kg7 29. Rxb7 a5 30. b3 g5 31. Ra7 Rd5 32. a3 h5 33.
b4 axb4 34. axb4 g4 35. b5 h4 36. Rxf7+ Kh6 37. b6 Rd8 38. b7 Kg5 39. Rf5+ Kh6 40. Rc5 Rb8 41. Be4 Re8 42. Rc8 Rxe4 43. b8=Q Re1+ 44.
Kg2 h3+ 45. Kf2 Re6 46. Rh8+ Kg5 47. Qg8+ Kf5 48. Rh5+ Kf6 49. Rh6+ Kf5 50. Qxe6+ Kf4 51. Rf6+ Kg5 52. Qe5+ Kh4 53. Rh6# 1-0

[Event "Late-Titled-Tuesday-Blitz-January-30-2024"]
[Site "Chess.com"]
[Date "2024.01.30"]
[Round "8"]
[White "Oleksandr_Bortnyk"]
[Black "GMBenjaminBok"]
[Result "0-1"]
[WhiteElo "3085"]
[BlackElo "2953"]
[TimeControl "180+1"]
[EndTime "15:27:27 PST"]
[Termination "GMBenjaminBok won by resignation"]

1. e4 c5 2. Be2 Nc6 3. d3 g6 4. f4 Bg7 5. Nf3 d6 6. c3 Nf6 7. Be3 O-O 8. Nbd2 b5 9. h3 b4 10.
d4 bxc3 11. bxc3 Qa5 12. Rc1 Ba6 13. O-O Bxe2 14. Qxe2 cxd4 15. cxd4 Rfc8 16. e5 Nd5 17. Nc4 Qa6 18. Bd2 Nb6 19. e6 Nxd4 20. exf7+ Kf8 21. Nxd4 Bxd4+ 22. Be3 Bxe3+ 23. Qxe3 Nxc4 24. Qg3 Qb6+ 25. Kh1 Ne3 26. Qh4 h5 27. Qg5 Rxc1 28. Rxc1 Kxf7 29. Qh6 Qb2 30. Rg1 Rc8 31. f5 Nxf5 32. Qf4 Qe5 33. Qa4 Ng3+ 0-1

[Event "Late-Titled-Tuesday-Blitz-January-30-2024"]
[Site "Chess.com"]
[Date "2024.01.30"]
[Round "8"]
[White "Bkmzzzzz"]
[Black "tarno17"]
[Result "0-1"]
[WhiteElo "2331"]
[BlackElo "2113"]
[TimeControl "180+1"]
[EndTime "15:27:27 PST"]
[Termination "tarno17 won on time"]

1. e4 c5 2. Nf3 e6 3. d3 a6 4. g3 Qc7 5. Bg2 Nc6 6. O-O d6 7. c3 Nf6 8. Re1 Be7 9. d4 cxd4 10. cxd4 d5 11. Bf4 Qb6 12. e5 Ne4 13. Re2 O-O 14. Be3 Bd7 15. Ne1 Rac8 16. a3 Na5 17. b4 Nc4 18. Bc1 f5 19. f3 Ng5 20. h4 Nf7 21. f4 Nh6 22. Bf3 Ng4 23. Bxg4 fxg4 24. Kh2 Be8 25. Ng2 Bg6 26. Ne3 h5 27. Nxc4 Rxc4 28. Be3 Rfc8 29. Nd2 Rc2 30. Nb3 Qb5 31. Rxc2 Bxc2 32. Qc1 Qe2+ 33. Kg1 Rc3 0-1

[Event "Late-Titled-Tuesday-Blitz-January-30-2024"]
[Site "Chess.com"]
[Date "2024.01.30"]
[Round "8"]
[White "BeardedNM"]
[Black "Doudou2015"]
[Result "1-0"]
[WhiteElo "2187"]
[BlackElo "2182"]
[TimeControl "180+1"]
[EndTime "15:27:31 PST"]
[Termination "BeardedNM won by resignation"]

1. e4 c5 2. Nf3 Nc6 3. d4 cxd4 4. Nxd4 e5 5. Nb5 a6 6. Nd6+ Bxd6 7. Qxd6 Qf6 8. Qd1 Qg6 9. Nc3 Nge7 10. h4 h5 11. Bg5 f6 12. Be3 d5 13. Nxd5 Qxe4 14.
Nc7+ Kf7 15. Nxa8 Bg4 16. Qd3 Qxd3 17. Bxd3 Rxa8 18. f3 Be6 19. O-O-O Nb4 20. a3 Nbd5 21. Bd2 Rc8 22. Kb1 b5 23. Rhe1 Nc6 24. Be4 Nd4 25.
Bxd5 Bxd5 26. Be3 Nxc2 27. Re2 Nxe3 28. Rxe3 Be6 29. Rc3 Bf5+ 30. Kc1 Ra8 31. Rd6 a5 32. Rc7+ Kf8 33. Rb6 b4 34. axb4 a4 35. Rcb7 Rb8 36. Rxb8+ 1-0

[Event "Late-Titled-Tuesday-Blitz-January-30-2024"]
[Site "Chess.com"]
[Date "2024.01.30"]
[Round "8"]
[White "nindjaxx8"]
[Black "noblerone"]
[Result "1-0"]
[WhiteElo "2578"]
[BlackElo "2446"]
[TimeControl "180+1"]
[EndTime "15:27:33 PST"]
[Termination "nindjaxx8 won on time"]

1. d4 d5 2. c4 c6 3. Nc3 Nf6 4. cxd5 cxd5 5. Bf4 Nc6 6. e3 Bg4 7. Nf3 e6 8. Be2 Bd6 9. Bg3 O-O 10. O-O Bxg3 11. hxg3 Rc8 12. Rc1 Na5 13. b3 Nc6 14. Nd2 Bxe2 15. Qxe2 Qa5 16. Ndb1 h6 17. a3 Ne7 18. b4 Qb6 19. Na4 Qd6 20. Nc5 b6 21. Nd3 Ne4 22. Ne5 Nf5 23. Qa6 Rc7 24. b5 f6 25.
Rxc7 Qxc7 26. Nc6 Nexg3 27. Re1 Rf7 28. fxg3 Qxg3 29. Re2 Nxe3 30. Nd2 Ng4 31. Nf1 Qf4 32. Qc8+ Kh7 33. Qxe6 Rc7 34. Qxd5 h5 35. Qxh5+ Nh6 36. Qf3 Qg5 37. d5 Rd7 38. Ne3 f5 39. Rf2 Rd6 40.
Nxf5 Rxd5 41. Qxd5 Ng4 42. Qe4 Qc1+ 43. Rf1 Qc5+ 44.
Nfd4+ 1-0

[Event "Late-Titled-Tuesday-Blitz-January-30-2024"]
[Site "Chess.com"]
[Date "2024.01.30"]
[Round "8"]
[White "annasargsyan_m"]
[Black "TheMagician"]
[Result "1-0"]
[WhiteElo "2535"]
[BlackElo "2229"]
[TimeControl "180+1"]
[EndTime "15:27:34 PST"]
[Termination "annasargsyan_m won on time"]

1. d4 Nf6 2. c4 g6 3. g3 Bg7 4. Bg2 O-O 5. Nc3 d6 6. Nf3 c5 7. O-O cxd4 8. Nxd4 h6 9. e4 Nc6 10. Nxc6 bxc6 11. h3 Rb8 12. Qc2 Be6 13. b3 Qc8 14. Kh2 d5 15. e5 Nd7 16. f4 dxc4 17. bxc4 Bxc4 18. Rd1 Nb6 19. Be3 Nd5 20. Bc5 Qb7 21.
Ne4 Ba6 22. Ba3 Rfc8 23. Nc5 Qb5 24. Bf1 Qxf1 25. Rxf1 Ne3 26. Qf2 Nxf1+ 27. Rxf1 Bxf1 28. Qxf1 Rb5 29. h4 e6 30. Ne4 Rcb8 31. h5 Ra5 32. Qd3 gxh5 33. Kh3 Rd5 34. Qc2 c5 35. Bxc5 Rc8 36.
Qf2 a5 37. Be7 Rc4 38. Nf6+ Bxf6 39. Bxf6 Rd1 40. Qa7 Rc8 41. Qb7 Rdc1 42. Kh4 R1c7 43.
Qf3 Rc1 44. Kxh5 R8c3 45. Qg4+ Kf8 46. Qg7+ Ke8 47. Qg8+ Kd7 48. Qxf7+ Kc6 49. Qxe6+ Kb5 50. Qd7+ Kc4 51. Qe6+ 1-0

[Event "Late-Titled-Tuesday-Blitz-January-30-2024"]
[Site "Chess.com"]
[Date "2024.01.30"]
[Round "8"]
[White "sari07"]
[Black "INLOVEWITHF"]
[Result "0-1"]
[WhiteElo "2416"]
[BlackElo "2594"]
[TimeControl "180+1"]
[EndTime "15:27:36 PST"]
[Termination "INLOVEWITHF won on time"]

1. d4 Nf6 2. Bf4 c5 3. c3 Qb6 4.
Qb3 cxd4 5. Qxb6 axb6 6. cxd4 Nc6 7. e3 Nb4 8. Kd1 Rxa2 9. Rxa2 Nxa2 10. Bc4 Nb4 11.
Nc3 d5 12. Bb5+ Bd7 13. Nf3 e6 14. Ne5 Nc6 15. Nxd7 Kxd7 16. Na4 Bd6 17. Nxb6+ Kc7 18. Bxd6+ Kxb6 19. Bd3 Ne4 20. Bxe4 dxe4 21. Kc2 Ra8 22.
h4 h5 23. f3 exf3 24. gxf3 g6 25. Rd1 Ra5 26. e4 Ra4 27. Bc5+ Kb5 28. b3 Ra8 29. Bd6 Rd8 30. e5 Ra8 31. Rd3 Rc8 32. Kd2 Na5 33. Rc3 Rxc3 34. Kxc3 Kc6 35. Kb4 b6 36. Be7 Nb7 37.
Bf6 Na5 38. f4 Kd5 39. Kb5 Nc6 40. Kxb6 Nxd4 41. b4 Kc4 42. Be7 Nf5 43. b5 Nxe7 0-1

[Event "Late-Titled-Tuesday-Blitz-January-30-2024"]
[Site "Chess.com"]
[Date "2024.01.30"]
[Round "8"]
[White "ARTHURMOTIVATOR"]
[Black "DeArron_Fox"]
[Result "1-0"]
[WhiteElo "2317"]
[BlackElo "2473"]
[TimeControl "180+1"]
[EndTime "15:27:36 PST"]
[Termination "ARTHURMOTIVATOR won by resignation"]

1. e4 c5 2. Nf3 e6 3. d4 cxd4 4.
Nxd4 a6 5. Nc3 b5 6. Bd3 Bb7 7. O-O Nc6 8. Nf3 b4 9. Nd5 Bc5 10. Qe2 Nge7 11. Nxe7 Nxe7 12. e5 Qc7 13. Ng5 Ng6 14.
Re1 Bd4 15. Qh5 Bxe5 16. Nxf7 Bxh2+ 17. Qxh2 Qxh2+ 18. Kxh2 Kxf7 19. Be4 Bxe4 20. Rxe4 a5 21. a3 Rac8 22. axb4 axb4 23. Ra7 Ke8 24. Bd2 Rxc2 25. Bxb4 d5 26. Rxe6+ Kd8 27. Rd6+ Kc8 28. Ra8+ Kb7 29. Ra5 Rxb2 30. Rb5+ Kc7 31. Rdxd5 Nf8 32. Ba5+ Kc6 33. Rdc5+ Kd6 34. Bc7+ Kd7 35. Rxb2 Ne6 36. Rd2+ Kc8 37. Rc6 Nxc7 38. Rdc2 1-0

[Event "Late-Titled-Tuesday-Blitz-January-30-2024"]
[Site "Chess.com"]
[Date "2024.01.30"]
[Round "8"]
[White "kikoveiga"]
[Black "egnfanclub"]
[Result "1-0"]
[WhiteElo "2521"]
[BlackElo "2364"]
[TimeControl "180+1"]
[EndTime "15:27:37 PST"]
[Termination "kikoveiga won by resignation"]

1. c4 c5 2. b3 Nf6 3. Bb2 Nc6 4. Nf3 d5 5. e3 e6 6. cxd5 exd5 7. Bb5 Bd6 8. O-O O-O 9. d4 Bg4 10. dxc5 Bxc5 11. h3 Be6 12. Nc3 Ne4 13. Rc1 Qe7 14.
Nxd5 Bxd5 15. Qxd5 Rad8 16. Qh5 Nb4 17. Nd4 Rd5 18. Qe2 Nxa2 19. Rc4 a6 20. Nc6 bxc6 21.
Bxc6 Rg5 22. Bxe4 Nb4 23. h4 Re5 24. Bxe5 Qxe5 25. Rd1 Re8 26. g3 Qe7 27. Qg4 g6 28.
Rd7 Qf6 29. Qf4 Qa1+ 30. Kg2 f5 31. Qh6 Be7 32. Rxb4 fxe4 33. Rxe4 Qf6 34. Qg5 Qxg5 35. hxg5 Kf8 36. Ra7 Bxg5 37. Rxe8+ Kxe8 38. Rxa6 Kf7 39. f4 Be7 40. e4 1-0

[Event "Late-Titled-Tuesday-Blitz-January-30-2024"]
[Site "Chess.com"]
[Date "2024.01.30"]
[Round "8"]
[White "annacramling"]
[Black "Akhayan"]
[Result "0-1"]
[WhiteElo "2112"]
[BlackElo "2354"]
[TimeControl "180+1"]
[EndTime "15:27:37 PST"]
[Termination "Akhayan won on time"]

1. d4 a6 2. c4 e6 3. Nc3 Nf6 4. e4 d5 5. cxd5 exd5 6. e5 Nfd7 7. Nf3 Nb6 8. Bf4 Be7 9. Bd3 O-O 10. Rc1 Nc6 11. O-O Bg4 12. h3 Bxf3 13. Qxf3 Nxd4 14. Bxh7+ Kxh7 15. Qd3+ Kg8 16. Qxd4 Bg5 17. Bxg5 Qxg5 18. f4 Qh4 19. Qc5 d4 20. Qxd4 Rad8 21. Qf2 Qh6 22. Ne4 Nd5 23. a3 c6 24. Nd6 Rd7 25. Rcd1 Rfd8 26. Nf5 Qh5 27. Ng3 Qh6 28. Rd3 Qh7 29.
f5 Re8 30. Re1 Rde7 31. e6 fxe6 32. fxe6 Qxd3 33. Nf5 Rxe6 34. Rf1 Rf6 35. Nh6+ Kh7 36. Qh4 Rxh6 0-1

[Event "Late-Titled-Tuesday-Blitz-January-30-2024"]
[Site "Chess.com"]
[Date "2024.01.30"]
[Round "8"]
[White "Meri-Arabidze"]
[Black "only_strong_moves"]
[Result "0-1"]
[WhiteElo "2724"]
[BlackElo "2557"]
[TimeControl "180+1"]
[EndTime "15:27:38 PST"]
[Termination "only_strong_moves won on time"]

1. Nf3 Nf6 2. b3 d5 3. Bb2 e6 4. e3 Be7 5. c4 O-O 6. Qc2 c5 7.
Be2 Nc6 8. O-O d4 9. a3 a5 10.
d3 e5 11. e4 g6 12. Bc1 Nh5 13. Bh6 Re8 14. g3 Bh3 15. Re1 Bf8 16. Bxf8 Rxf8 17.
Bf1 Bxf1 18. Kxf1 f5 19. exf5 Rxf5 20. Nh4 Rf7 21. Nd2 Qd7 22. Ne4 Raf8 23. Kg1 b6 24. Qe2 Kg7 25. Rf1 h6 26. Rae1 Nd8 27. Rb1 Ne6 28.
Nd2 Qc7 29. Rbe1 Ng5 30. Kg2 Nf4+ 31. gxf4 Rxf4 32. Nxg6 Kxg6 33. Qxe5 Qd7 34. f3 Qh3+ 35. Kh1 Qd7 36. Rg1 Kh7 37. Ne4 Nxf3 0-1

[Event "Late-Titled-Tuesday-Blitz-January-30-2024"]
[Site "Chess.com"]
[Date "2024.01.30"]
[Round "8"]
[White "Hrant_ChessMood"]
[Black "Hamisandwich"]
[Result "0-1"]
[WhiteElo "2886"]
[BlackElo "2734"]
[TimeControl "180+1"]
[EndTime "15:27:40 PST"]
[Termination "Hamisandwich won on time"]

1. d4 Nf6 2. c4 b6 3. f3 Nc6 4. d5 Ne5 5. e4 Ng6 6. Be3 e6 7. Nc3 Bb4 8. Ne2 O-O 9. Ng3 Bxc3+ 10. bxc3 d6 11. Bd3 a5 12. O-O Ba6 13. f4 Re8 14. e5 dxe5 15. fxe5 Nd7 16. Bd4 exd5 17. Qh5 Ndxe5 18. Bc2 Bxc4 19. Rf5 Bd3 20. Bxd3 Nxd3 21.
Raf1 f6 22. Qd1 Nde5 23. Nh5 Qd7 24. Rxf6 c5 25. Bxe5 Nxe5 26. R6f5 Rad8 27. Qe1 Ng6 28. Qg3 d4 29. h4 d3 30. Rd1 d2 31. Rff1 Qd3 32. Qg5 Qe3+ 0-1

[Event "Late-Titled-Tuesday-Blitz-January-30-2024"]
[Site "Chess.com"]
[Date "2024.01.30"]
[Round "8"]
[White "Alex_Sahakyan2006"]
[Black "Sanyura"]
[Result "1-0"]
[WhiteElo "2873"]
[BlackElo "2668"]
[TimeControl "180+1"]
[EndTime "15:27:40 PST"]
[Termination "Alex_Sahakyan2006 won on time"]

1. e4 c5 2. Nc3 e6 3. Nf3 d5 4.
exd5 exd5 5. d4 Bd6 6. dxc5 Bxc5 7. Qxd5 Qb6 8. Bb5+ Nc6 9. O-O Ne7 10. Qh5 Bf5 11.
Bc4 Bg6 12. Qg5 Qa5 13. Be3 Bxe3 14. Qxe3 O-O 15. Bb3 Rad8 16. Rad1 Rxd1 17. Rxd1 Rd8 18. Rxd8+ Qxd8 19. h3 Nf5 20. Qc5 Nfd4 21. Nxd4 Qxd4 22.
Qg5 Qd6 23. Qd5 Qe7 24. Qd2 h6 25. Nd5 Qe5 26. c3 Be4 27. Qf4 Qe8 28. Ne3 Bg6 29.
Bd5 Kh7 30. Qc7 Ne5 31. Bxb7 Qb5 32. Bd5 f6 33. b4 Qd3 34. Qb8 h5 35. Qg8+ Kh6 36.
Qh8+ Bh7 37. Bg8 1-0

[Event "Late-Titled-Tuesday-Blitz-January-30-2024"]
[Site "Chess.com"]
[Date "2024.01.30"]
[Round "8"]
[White "IlanSchnaider"]
[Black "el008"]
[Result "0-1"]
[WhiteElo "2658"]
[BlackElo "2523"]
[TimeControl "180+1"]
[EndTime "15:27:41 PST"]
[Termination "el008 won by checkmate"]

1. e4 b6 2. d4 Bb7 3. Bd3 e6 4.
Qe2 c5 5. Nf3 cxd4 6. Nxd4 Nf6 7. O-O a6 8. Bg5 d6 9. c4 Be7 10. Nc3 Nbd7 11. Rad1 Qc7 12. b3 O-O 13. Bb1 b5 14.
Nc2 bxc4 15. bxc4 Rfc8 16. Ne3 Ne5 17. Bxf6 Bxf6 18. Na4 Bc6 19. Nb2 Rab8 20. Nd3 Bxe4 21. Nxe5 Bxb1 22. Nxf7 Kxf7 23. Rxb1 Qc5 24. Qf3 Rb4 25. Qe4 g6 26. Rxb4 Qxb4 27. Rb1 Qc5 28. h3 Qc6 29. Qf4 Kg7 30. Ng4 Bc3 31. Rd1 d5 32.
cxd5 exd5 33. Rd3 Qe6 34. Rf3 Bb2 35. Qh6+ Kg8 36. Kh2 Bg7 37. Qf4 d4 38. Nh6+ Kh8 39.
Nf7+ Kg8 40. Nh6+ Bxh6 41. Qxh6 Qd6+ 42. g3 d3 43. Qd2 Rc2 44. Qd1 Qd5 45. Rxd3 Rxf2+ 46. Kg1 Qg2# 0-1

[Event "Late-Titled-Tuesday-Blitz-January-30-2024"]
[Site "Chess.com"]
[Date "2024.01.30"]
[Round "8"]
[White "josmito10"]
[Black "LiemLe"]
[Result "1-0"]
[WhiteElo "2844"]
[BlackElo "3027"]
[TimeControl "180+1"]
[EndTime "15:27:44 PST"]
[Termination "josmito10 won on time"]

1. e4 c5 2. Nf3 Nc6 3. c3 Nf6 4. e5 Nd5 5. d4 cxd4 6. cxd4 d6 7. Bc4 dxe5 8. Bxd5 Qxd5 9. Nc3 Qa5 10. d5 Nb8 11. Nxe5 Nd7 12. Nc4 Qa6 13. Qe2 Nf6 14. Nb5 Kd8 15. Ne5 Bg4 16. Nxf7+ Ke8 17. f3 Kxf7 18. fxg4 Rd8 19. O-O Rxd5 20. a4 g5 21. Kh1 Bg7 22. Qf3 Qc6 23. Be3 a6 24. Nd4 Qd7 25. Nf5 h6 26.
Rae1 Re8 27. Bc1 Kg8 28. b4 Bf8 29. Bb2 Rd3 30. Re3 Rxe3 31. Qxe3 Nxg4 32. Qb3+ e6 33. h3 Kh7 34. Ng3 Bg7 35. Qc2+ Kg8 36. hxg4 Bxb2 37. Qxb2 Qd3 38. Qf2 Qg6 39. Nh5 1-0

[Event "Late-Titled-Tuesday-Blitz-January-30-2024"]
[Site "Chess.com"]
[Date "2024.01.30"]
[Round "8"]
[White "Hui_Li_Macau"]
[Black "ansko1999"]
[Result "0-1"]
[WhiteElo "2367"]
[BlackElo "2678"]
[TimeControl "180+1"]
[EndTime "15:27:44 PST"]
[Termination "ansko1999 won on time"]

1. e4 e5 2. Nf3 d5 3. exd5 e4 4.
Qe2 Nf6 5. Nc3 Qe7 6. Ng5 Bf5 7. Qb5+ c6 8. dxc6 Nxc6 9. Qxf5 Nd4 10. Qa5 Nxc2+ 11.
Kd1 Nxa1 12. Bb5+ Nd7 13. Re1 f5 14. Ngxe4 Kf7 15. Bc4+ Kg6 16. Ng3 Qc5 17. Qxc5 Bxc5 18. Re6+ Nf6 19. b3 Rhe8 20. Bb2 Bxf2 21. Bxa1 a6 22.
Bb2 b5 23. Bd3 Rxe6 24. Bxf5+ Kf7 25. Bxe6+ Kxe6 26. Nge4 Bd4 27. Nxf6 Bxf6 28. Kc2 Rc8 29. Kd3 b4 30. Nd1 Bxb2 31. Nxb2 Rf8 32. Ke2 Kd5 33.
Nd3 a5 34. Nb2 Kd4 35. Nc4 Re8+ 36. Kf2 a4 37. Nb6 a3 0-1

[Event "Late-Titled-Tuesday-Blitz-January-30-2024"]
[Site "Chess.com"]
[Date "2024.01.30"]
[Round "8"]
[White "MetiForce"]
[Black "Witik"]
[Result "0-1"]
[WhiteElo "2856"]
[BlackElo "2683"]
[TimeControl "180+1"]
[EndTime "15:27:46 PST"]
[Termination "Witik won by resignation"]

1. b3 d5 2. Bb2 Bg4 3. h3 Bh5 4. g4 Bg6 5. Bg2 c6 6. f4 e6 7. Nf3 Nd7 8. e3 h5 9. Nc3 hxg4 10. hxg4 Rxh1+ 11. Bxh1 Nh6 12. g5 Nf5 13. Qe2 Ng3 14. Qh2 Nxh1 15. Qxh1 Bxc2 16. Nd4 Bg6 17. O-O-O Qa5 18.
d3 O-O-O 19. Nc2 Qb6 20. e4 Qf2 21. Rf1 Qg3 22. f5 Qxg5+ 23. Kb1 exf5 24. exd5 Ne5 25. d4 Nd3 26. dxc6 f4 27. cxb7+ Kb8 28. Qc6 Qf5 29.
Nb5 Qd7 30. Qc4 Qxb7 31. Nc3 Rc8 32. Qa4 Nxb2 33. Kxb2 Bxc2 34. d5 Bb4 35. Nb5 Bd3 36.
Qxb4 Bxf1 37. Qxf4+ Ka8 38. Nd6 Qc7 39. a4 Ba6 40. Ka3 Rd8 0-1

[Event "Late-Titled-Tuesday-Blitz-January-30-2024"]
[Site "Chess.com"]
[Date "2024.01.30"]
[Round "8"]
[White "aghasiyevkamal"]
[Black "platy3"]
[Result "0-1"]
[WhiteElo "2665"]
[BlackElo "2869"]
[TimeControl "180+1"]
[EndTime "15:27:46 PST"]
[Termination "platy3 won by resignation"]

1. d4 Nf6 2. c4 e6 3. Nc3 Bb4 4. e3 O-O 5. Ne2 Re8 6. a3 Bf8 7. Ng3 d5 8. Bd3 b6 9. cxd5 exd5 10. O-O c5 11. Bd2 Nc6 12. Nce2 g6 13. Rc1 h5 14. Nf4 Bd7 15. dxc5 bxc5 16. Bc3 d4 17. exd4 cxd4 18. Bd2 Ne5 19. Bb1 Bc6 20. Re1 h4 21. Ne4 Rc8 22. Ba5 Qxa5 23. Nxf6+ Kh8 24. Nxe8 Rxe8 25. Qxd4 Bg7 26. Qb4 Qd8 27. Be4 a5 28. Qb3 Bd7 29.
Rcd1 Qg5 30. g3 Bg4 31. Rc1 hxg3 32. hxg3 Qf6 33. Bg2 g5 34. Nd5 Qh6 35. f4 gxf4 36. gxf4 Nf3+ 37. Bxf3 Bd4+ 38. Kf1 Qh3+ 39. Bg2 Rxe1+ 40.
Rxe1 Qxb3 0-1

[Event "Late-Titled-Tuesday-Blitz-January-30-2024"]
[Site "Chess.com"]
[Date "2024.01.30"]
[Round "8"]
[White "toninhojit"]
[Black "manitodeplomo"]
[Result "0-1"]
[WhiteElo "2519"]
[BlackElo "2693"]
[TimeControl "180+1"]
[EndTime "15:27:46 PST"]
[Termination "manitodeplomo won by resignation"]

1. d4 g6 2. c4 Bg7 3. Nf3 Nf6 4. Nc3 O-O 5. e4 d6 6. Be2 c5 7.
O-O Nc6 8. d5 Na5 9. h3 e5 10.
a3 b6 11. b4 Nb7 12. Bg5 h6 13. Be3 Bd7 14. Qd2 Kh7 15. Nh2 Qc7 16. f4 exf4 17.
Bxf4 cxb4 18. axb4 a5 19. bxa5 bxa5 20. Kh1 Nc5 21.
Qc2 a4 22. Nf3 Rfe8 23. e5 dxe5 24. Be3 Bf5 25. Qd1 Nfe4 26. Nb5 Qd7 27. Qe1 Nb3 28. Ra2 g5 29. Nh2 Bg6 30. Bf3 Nec5 31. Qf2 Nd3 32. Qe2 Nf4 33. Qd1 e4 34. Be2 Nxe2 35. Qxe2 f5 36. Rd1 f4 37. Bd4 f3 38. Qf1 fxg2+ 39.
Qxg2 e3 40. Bxg7 Be4 41. Nf3 Qxg7 42. Kh2 Nd2 43. Nc7 Qxc7+ 44. Kh1 Bxf3 0-1

[Event "Late-Titled-Tuesday-Blitz-January-30-2024"]
[Site "Chess.com"]
[Date "2024.01.30"]
[Round "8"]
[White "DonJuanEGenaro"]
[Black "Rawnsdale"]
[Result "0-1"]
[WhiteElo "2039"]
[BlackElo "2530"]
[TimeControl "180+1"]
[EndTime "15:27:46 PST"]
[Termination "Rawnsdale won on time"]

1. c4 e6 2. Nf3 d5 3. g3 Be7 4.
Bg2 Nf6 5. O-O O-O 6. d4 dxc4 7.
Ne5 Nc6 8. Nxc6 bxc6 9. e4 Bb7 10. Be3 c5 11. Nc3 cxd4 12. Bxd4 c5 13. Be3 Qc7 14.
Qa4 Ng4 15. Bf4 e5 16. Bd2 Rfd8 17. Rfd1 Rd4 18. h3 Bc6 19. Qa6 Nf6 20. Be3 Rad8 21.
Bxd4 cxd4 22. Nd5 Bxd5 23. exd5 Nxd5 24. Rac1 Nb6 25. Qb5 g6 26. g4 Bg5 27. Rc2 Bf4 28.
b3 c3 29. Qd3 Nd7 30. Bd5 Nc5 31. Qc4 Qe7 32. Re2 Kg7 33. Rxd4 Qd6 34. Rd1 Ne6 35. Ree1 Nd4 36. Rxd4 exd4 37. Qxd4+ f6 38. Re6 Qxd5 0-1